 Dungeon Crawl Stone Soup version 0.32-a0-520-g344ed53f66 (webtiles) character file.

Game seed: 18339297645276413836

1262 dialectric the Cleaver (level 8, -1/65 HPs)
             Began as a Coglin Fighter on Feb 27, 2024.
             Slain by a killer bee (4 damage)
             ... on level 5 of the Dungeon.
             The game lasted 00:04:25 (3541 turns).

dialectric the Cleaver (Coglin Fighter)             Turns: 3541, Time: 00:04:25

Health: -1/65      AC: 13    Str: 18    XL:     8   Next: 52%
Magic:  8/8        EV:  5    Int:  7    God:
Gold:   258        SH:  0    Dex: 15    Spells: 7/7 levels left

rFire   . . .        a - +0 war axe {Ujjalroop}
rCold   . . .        h - +0 hand axe {Araceli}
rNeg    . . .        i - +0 plate armour
rPois   .            t - +0 helmet
rElec   .            o - +0 cloak
rCorr   .            (no gloves)
SInv    .            (no boots)
Will    +....        (no amulet) Stlth
                     (ring unavailable)
HPRegen 0.30/turn    (ring unavailable)
MPRegen 0.11/turn

%: no passive effects
@: mighty, lethally poisoned (-1 -> -3), silenced, enlightened, flying, revved
A: off-hand wielding, slow wielding, warmup strikes, no rings
a: no special abilities


You were on level 5 of the Dungeon.
You visited 1 branch of the dungeon, and saw 5 of its levels.

You collected 258 gold pieces.

Inventory:

Hand Weapons
 a - a +0 war axe (weapon) {Ujjalroop}
 f - a +0 dagger {Francisco}
 h - a +0 hand axe (offhand) {Araceli}
 s - a +0 flail of protection
Armour
 b - a +0 scale mail
 c - a +0 buckler
 i - a +0 plate armour (worn)
 o - a +0 cloak (worn)
 t - a +0 helmet (worn)
Wands
 u - a wand of warping (12)
 v - a wand of polymorph (10)
Scrolls
 e - a scroll of brand weapon {unknown}
 j - 3 scrolls of amnesia
 k - a scroll of revelation {unknown}
 l - 5 scrolls of identify
 p - a scroll of fear {unknown}
 r - a scroll of noise {unknown}


   Skills:
 + Level 6.4 Fighting
 * Level 8.1 Axes
 - Level 3.1 Armour
 - Level 1.1 Dodging
 - Level 2.1 Shields


You had 7 spell levels left.
You didn't know any spells.
Your spell library was empty.

Dungeon Overview and Level Annotations

Branches:
Dungeon (5/15)
 Temple: D:4-7

Altars:
Cheibriados
Elyvilon
Okawaru
Wu Jian
Yredelemnul

Shops:
D:2 [


Innate Abilities, Weirdness & Mutations

You can wield a second weapon in your off-hand.
It takes a long time for you to wield or remove held weapons.
Your first few attacks do less damage.
Your grasper-arms cannot wear rings.


Message History

You miss the killer bee with your +0 hand axe.
You closely miss the killer bee with your +0 war axe.
The killer bee stings you but does no damage. x2
You slash the killer bee with your +0 hand axe!
The killer bee is almost dead.
You slash the killer bee with your +0 war axe!
You kill the killer bee!
The killer bee stings you.
* * * LOW HITPOINT WARNING * * *
Your Axes skill increases to level 8!
You closely miss the killer bee with your +0 war axe.
You miss the killer bee with your +0 hand axe.
The killer bee barely misses you. The killer bee stings you.
* * * LOW HITPOINT WARNING * * *
You are poisoned.
The killer bee poisons you!
You closely miss the killer bee with your +0 hand axe.
You miss the killer bee with your +0 war axe.
* * * LOW HITPOINT WARNING * * *
You feel sick.
The killer bee stings you but does no damage.
The killer bee barely misses you.
You slash the killer bee with your +0 war axe!
The killer bee is almost dead.
You slash the killer bee with your +0 hand axe!
You kill the killer bee!
* * * LOW HITPOINT WARNING * * *
You feel sick.
The killer bee stings you but does no damage.
You completely miss the killer bee with your +0 war axe.
You barely miss the killer bee with your +0 hand axe.
* * * LOW HITPOINT WARNING * * *
You feel sick. The killer bee barely misses you.
You miss the killer bee with your +0 war axe.
You slash the killer bee with your +0 hand axe!
* * * LOW HITPOINT WARNING * * *
You feel sick.
The killer bee stings you but does no damage.
The killer bee stings you.
You die...

#...........
#...........
#...........
#...........
#...........
###...........
#ol...........
#y#...........
#@#yo..$......
#.#....o......
#.#...........
..#......o....
..#...........
...#...?.......
...#..........(
.....


You could see an iguana, a killer bee and an orc.

Vanquished Creatures
  2 black bears (D:4)
  2 ogres
  2 scorpions
  5 killer bees (D:5)
  A vampire bat (D:3)
  3 bombardier beetles
  2 hounds
  An orc priest (D:4)
  A sleepcap (D:4)
  An orc wizard (D:3)
  Natasha (twice) (D:3)
  7 adders
  2 dart slugs
  3 fire bats (D:3)
  3 ribbon worms
  14 orcs
  2 spectral bats (D:3)
  3 bat skeletons (D:3)
  A bat zombie (D:3)
  7 endoplasms
  A giant cockroach (D:4)
  6 goblins
  6 hobgoblins
  2 jackals (D:2)
  3 quokkas
  3 ball pythons (D:1)
  12 bats
  A bat simulacrum (D:3)
  4 frilled lizards
  12 kobolds
  A rat (D:1)
115 creatures vanquished.

Notes
Turn   | Place    | Note
-------+----------+-------------------------------------------
     0 | D:1      | dialectric the Coglin Fighter began the quest for the Orb.
     0 | D:1      | Reached XP level 1. HP: 18/18 MP: 1/1
   100 | D:1      | Reached XP level 2. HP: 20/24 MP: 2/2
   383 | D:1      | Found a faded altar of an unknown god.
   434 | D:1      | Reached XP level 3. HP: 28/29 MP: 3/3
   566 | D:2      | Reached skill level 1 in Dodging
   611 | D:2      | Found Witelid's Antique Armour Shoppe.
   629 | D:2      | Found a snail-covered altar of Cheibriados.
  1337 | D:3      | Found a white marble altar of Elyvilon.
  1348 | D:3      | Reached skill level 3 in Axes
  1348 | D:3      | Reached XP level 4. HP: 32/36 MP: 4/4
  1570 | D:3      | Found an iron altar of Okawaru.
  1572 | D:3      | Found a basalt altar of Yredelemnul.
  1607 | D:3      | Noticed Natasha
  1612 | D:3      | Killed Natasha
  1613 | D:3      | Reached XP level 5. HP: 38/42 MP: 5/5
  1898 | D:3      | Reached skill level 4 in Axes
  1934 | D:3      | Reached XP level 6. HP: 48/49 MP: 6/6
  2135 | D:3      | Noticed Natasha
  2142 | D:3      | Killed Natasha
  2261 | D:4      | Reached skill level 5 in Axes
  2317 | D:4      | Noticed a black bear
  2351 | D:4      | Reached XP level 7. HP: 55/55 MP: 7/7
  2360 | D:4      | Reached skill level 5 in Fighting
  2360 | D:4      | Reached skill level 6 in Axes
  2559 | D:4      | Found an ornate altar of the Wu Jian Council.
  3145 | D:5      | Entered Level 5 of the Dungeon
  3163 | D:5      | Reached skill level 7 in Axes
  3163 | D:5      | Reached XP level 8. HP: 43/64 MP: 8/8
  3537 | D:5      | Reached skill level 8 in Axes
  3541 | D:5      | HP: 3/65 [poisoned by a killer bee]
  3541 | D:5      | Slain by a killer bee

Illustrated notes

Levels and vault maps discovered:
D:1:      amcnicky_arrival_gap_in_the_tavern_cellar, layout_rooms,
          hellmonk_ecumenical_altar_pennies_from_heaven
D:2:      kennysheep_six_static_rooms, layout_basic, basic_altar, serial_shops,
          shop
D:3:      layout_loops_ring, elyvilon_altar_1, nicolae_overflow_hidden_temple,
          goddamned_bats, uniq_natasha
D:4:      layout_cave_pods, pdpol_wu_jian_five_deadly_venoms,
          grunt_ministairs_14
D:5:      layout_basic, lemuel_doored_altar, nicolae_qazlal_eye_of_the_storm

Skill      XL: |  1  2  3  4  5  6  7  8 |
---------------+-------------------------+-----
Armour         | 3 |  3.1
Dodging        | 1 |  1.1
Axes           | 3 4 5 7 8 |  8.1
Fighting       | 4 5 6 |  6.4
Shields        | |  2.1

Action                     |  1- 3 |  4- 6 |  7- 9 || total
---------------------------+-------+-------+-------++-------
  Melee: War axe           |    63 |    84 |    70 ||   217
         Dagger            |    14 |       |       ||    14
         Hand axe          |    32 |    76 |    70 ||   178
    Use: Potion            |       |     2 |     3 ||     5
         Scroll            |       |       |     5 ||     5
 Armour: Scale mail        |    43 |    86 |    25 ||   154
         Plate armour      |       |       |    82 ||    82
  Dodge: Dodged            |    35 |    67 |    38 ||   140
         Repelled          |     1 |     1 |     3 ||     5

Table legend: (Time is in decaauts)
 A = Elapsed time spent in this place.
 B = Non-inter-level travel time spent in this place.
 C = Inter-level travel time spent in this place.
 D = Time resting spent in this place.
 E = Time spent auto-exploring this place.
 F = Levels seen in this place.
 G = Mean time per level.
                   A        B        C        D        E       F      G
               +--------+--------+--------+--------+--------+-----+--------+
         Total |   3583 |   3436 |    147 |      0 |   2676 |   5 |  716.6 |
       Dungeon |   3583 |   3436 |    147 |      0 |   2676 |   5 |  716.6 |
               +--------+--------+--------+--------+--------+-----+--------+

Top non-repeatable levels by time:
     D:3: 1113 daAuts
     D:4: 885 daAuts
     D:2: 611 daAuts
     D:1: 575 daAuts
     D:5: 396 daAuts
